 Dungeon Crawl Stone Soup version 0.27-a0-385-g3208abaabc (webtiles) character file.

Game seed: 13641821420654324303

32 lunkers the Digger (level 2, 0/20 HPs)
             Began as a Demigod Earth Elementalist on Feb 18, 2021.
             Succumbed to an adder's poison
             ... on level 2 of the Dungeon.
             The game lasted 00:00:47 (782 turns).

lunkers the Digger (Demigod Earth Elementalist)      Turns: 782, Time: 00:00:48

Health: 0/20       AC:  2    Str:  9    XL:     2   Next: 96%
Magic:  4/7        EV: 12    Int: 17    God:
Gold:   27         SH:  0    Dex: 14    Spells: 4/5 levels left

rFire    . . .     SeeInvis .   (no weapon)
rCold    . . .     Faith    .   (no shield)
rNeg     . . .     Spirit   .   c - +0 robe
rPois    .         Reflect  .   (no helmet)
rElec    .         Harm     .   (no cloak)
rCorr    .         Rampage  .   (no gloves)
Will     .....                  (no boots)
Stlth    ++........             (no amulet)
HPRegen  0.06/turn              (no ring)
MPRegen  0.10/turn              (no ring)

@: lethally poisoned (0 -> -11)
A: high mp 1
a: no special abilities


You were on level 2 of the Dungeon.
You visited 1 branch of the dungeon, and saw 2 of its levels.

You collected 27 gold pieces.

Inventory:

Armour
 c - a +0 robe (worn)
Scrolls
 a - a scroll of random uselessness {unknown}
 d - a scroll of identify {unknown}
 h - a scroll of fear {unknown}
Potions
 e - 2 potions of heal wounds {unknown}
 f - a potion of attraction {unknown}
 g - a potion of degeneration {unknown}


   Skills:
 - Level 1.7 Dodging
 - Level 1.7 Stealth
 + Level 2.2 Spellcasting
 - Level 0.8 Transmutations
 * Level 3.5 Earth Magic


You had 4 spell levels left.
You knew the following spells:

 Your Spells              Type           Power        Failure   Level
a - Sandblast             Erth           28%          4%          1

Your spell library contained the following spells:

 Spells                   Type           Power        Failure   Level
 Passwall                 Tmut/Erth      7%           12%         2
 Stone Arrow              Conj/Erth      14%          26%         3
 Petrify                  Tmut/Erth      9%           58%         4
 Lee's Rapid Deconstruct  Erth           7%           77%         5


Dungeon Overview and Level Annotations

Branches:
Dungeon (1/15)


Innate Abilities, Weirdness & Mutations

You have an increased reservoir of magic. (+10% MP)


Message History

You don't have any stones to cast with.
An adder is nearby!
Casting: Sandblast (safe; 4% risk of failure)
Confirm with . or Enter, or press ? or * to list all spells.
You don't have any stones to cast with.
Casting: Sandblast (safe; 4% risk of failure)
Confirm with . or Enter, or press ? or * to list all spells.
You don't have any stones to cast with.
You closely miss the adder.
The adder is almost dead.
You feel sick. The adder bites you.
You hit the adder but do no damage.
The adder is almost dead.
The adder bites you.
* * * LOW HITPOINT WARNING * * *
You are lethally poisoned!
The adder poisons you! The adder bites you.
* * * LOW HITPOINT WARNING * * *
You hit the adder but do no damage.
The adder is almost dead.
* * * LOW HITPOINT WARNING * * *
You feel sick. The adder bites you.
* * * LOW HITPOINT WARNING * * *
You are more poisoned.
The adder poisons you!
You hit the adder.
The adder is almost dead.
* * * LOW HITPOINT WARNING * * *
You feel sick. The adder bites you but does no damage.
You barely miss the adder.
The adder is almost dead.
* * * LOW HITPOINT WARNING * * *
You feel sick. The adder barely misses you. The adder closely misses you.
You closely miss the adder.
The adder is almost dead.
* * * LOW HITPOINT WARNING * * *
You feel sick. The adder completely misses you.
You barely miss the adder.
The adder is almost dead.
You die...

#..##≈≈≈≈≈#...#
#..###≈≈≈.#...#
###>....#_#.+....
#....######.######
#....#######
#..........#
#..........+
#....†.....#
#.......@..#
#.......S..#
#####......#
####..... ....$..
.........
..######. .##.


You could see an adder.

Vanquished Creatures
  An adder (D:2)
  A dart slug (D:2)
  2 leopard geckos
  A giant cockroach (D:2)
  2 hobgoblins (D:1)
  A bat (D:1)
  3 frilled lizards (D:1)
  5 goblins (D:1)
  A kobold (D:1)
  6 rats
23 creatures vanquished.

Notes
Turn   | Place    | Note
-------+----------+-------------------------------------------
     0 | D:1      | lunkers the Demigod Earth Elementalist began the quest for
                  | the Orb.
     0 | D:1      | Reached XP level 1. HP: 14/14 MP: 5/5
   174 | D:1      | Reached skill level 3 in Earth Magic
   471 | D:1      | Reached XP level 2. HP: 20/20 MP: 5/7
   675 | D:1      | You fall into a shaft and drop 1 floor!
   699 | D:2      | Found a snail-covered altar of Cheibriados.
   781 | D:2      | HP: 1/20 [poisoned by an adder]
   782 | D:2      | Succumbed to an adder's poison

Illustrated notes

Levels and vault maps discovered:
D:1:      dpeg_arrival_more_subterranean_lakeside_camping, layout_loops_ring,
          minmay_misc_feat_more_columns
D:2:      layout_basic, kennysheep_slug_shrine, minmay_crystal_water

Skill      XL: |  1 |
---------------+----+-----
Earth Magic    | 3 |  3.5
Spellcasting   | 2 |  2.2
Dodging        | |  1.7
Stealth        | |  1.7
Transmutations | |  0.8

Action                   || total
-------------------------++-------
Melee: Unarmed           ||     7
 Cast: Sandblast         ||    30
Armor: Robe              ||     1
Dodge: Dodged            ||     6

Table legend: (Time is in decaauts)
 A = Elapsed time spent in this place.
 B = Non-inter-level travel time spent in this place.
 C = Inter-level travel time spent in this place.
 D = Time resting spent in this place.
 E = Time spent auto-exploring this place.
 F = Levels seen in this place.
 G = Mean time per level.
                   A        B        C        D        E       F      G
               +--------+--------+--------+--------+--------+-----+--------+
         Total |    782 |    782 |      0 |      0 |    670 |   2 |  391.0 |
       Dungeon |    782 |    782 |      0 |      0 |    670 |   2 |  391.0 |
               +--------+--------+--------+--------+--------+-----+--------+

Top non-repeatable levels by time:
     D:1: 675 daAuts
     D:2: 106 daAuts
